 Dungeon Crawl Stone Soup version 0.29.1-15-g9cfb28693d (webtiles) character file.

Game seed: 735548695995888929

53352 devnull the Impaler (level 14, -3/110 HPs)
             Began as a Merfolk Gladiator on Apr 23, 2023.
             Was the Champion of Zin.
             Killed from afar by a lindwurm (33 damage)
             ... with a blast of flame
             ... summoned by Kirke
             ... on level 5 of the Lair of Beasts.
             The game lasted 00:51:38 (18596 turns).

devnull the Impaler (Merfolk Gladiator)            Turns: 18596, Time: 00:51:39

Health: -3/110     AC:  0    Str: 19    XL:     14   Next: 68%
Magic:  22/22      EV: 24    Int:  7    God:    Zin [******]
Gold:   1110       SH:  0    Dex: 16    Spells: 13/13 levels left

rFire   . . .      SeeInvis .   (weapon currently unavailable)
rCold   . . .      Faith    .   (shield currently unavailable)
rNeg    . . .      Spirit   .   (body armour currently unavailable)
rPois   .          Reflect  .   (helmet currently unavailable)
rElec   .          Harm     .   (cloak currently unavailable)
rCorr   .          Rampage  .   (gloves currently unavailable)
Will    +....                   (boots currently unavailable)
Stlth   ++++......              (no amulet)
HPRegen 0.28/turn               (ring currently unavailable)
MPRegen 0.18/turn               (ring currently unavailable)

@: pig-form, on recite cooldown, slowed
A: fast, no casting, small, (nimble swimmer 2), (mertail)
a: Renounce Religion, Recite, Vitalisation, Imprison, Sanctuary, Donate Gold


You were on level 5 of the Lair of Beasts.
You worshipped Zin.
Zin was exalted by your worship.
You were a filthy swine.
You visited 3 branches of the dungeon, and saw 17 of its levels.

You collected 1233 gold pieces.
You donated 123 gold pieces to Zin.

Inventory:

Hand Weapons
 a - a +0 glaive (melded)
 b - a +4 spear
 t - a +1 broad axe of flaming
Missiles
 d - 3 throwing nets {!f}
 e - a javelin
 m - 3 atropa-tipped darts
 x - 19 poisoned darts (quivered)
 A - a curare-tipped dart
Armour
 c - a +1 helmet (melded)
 u - a +0 ring mail of cold resistance
 y - a +2 troll leather armour (melded) {Pargi}
 B - a +2 cloak (melded)
 C - an orb of light {@W1 @T1}
 J - a +0 pair of boots (melded)
 N - the +0 pair of gloves of Keisir (melded) {rN+}
   (You found it on level 10 of the Dungeon)

   rN:        It protects you from negative energy.
 X - the +3 robe of Clouds {*Thunder rCloud rElec}
   (You found it on level 5 of the Lair of Beasts)

   It occasionally creates storm clouds above nearby enemies.
   It grants its wearer immunity to clouds.
   rElec:     It insulates you from electricity.
Jewellery
 r - a +4 ring of evasion (melded)
 z - a +6 ring of strength
 P - a +4 ring of slaying (melded)
 Q - a ring of resist corrosion
 W - a ring of flight
Wands
 p - a wand of flame (75)
 q - a wand of iceblast (22)
 H - a wand of mindburst (28)
 L - a wand of light (17)
Scrolls
 g - a scroll of summoning
 l - 3 scrolls of poison
 n - 3 scrolls of magic mapping
 w - 2 scrolls of vulnerability
 D - 3 scrolls of blinking
 E - 2 scrolls of immolation {unknown}
 F - a scroll of brand weapon {unknown}
 I - 3 scrolls of enchant armour
 M - 4 scrolls of teleportation
 O - 5 scrolls of fear
 S - 2 scrolls of butterflies {unknown}
 T - 2 scrolls of silence
 V - a scroll of enchant weapon {unknown}
Potions
 f - 3 potions of heal wounds
 h - 3 potions of flight {unknown}
 i - 2 potions of resistance
 j - 4 potions of haste
 k - 3 potions of attraction
 o - a potion of cancellation {unknown}
 s - 2 potions of invisibility {unknown}
 v - 4 potions of might {unknown}
 G - a potion of mutation {unknown}
 K - a potion of magic {unknown}
 R - 4 potions of curing
 U - a potion of degeneration {unknown}


   Skills:
 + Level 10.3 Fighting
 - Level 20.0 Polearms
 - Level 5.0 Throwing
 - Level 16.0 Dodging
 - Level 10.0 Stealth
 - Level 10.6 Invocations


You had 13 spell levels left.
You didn't know any spells.
Your spell library contained the following spells:

 Spells                   Type           Power      Damage    Failure   Level
 Beastly Appendage        Tmut           0%         N/A       43%         1
 Magic Dart               Conj           0%         1d3       43%         1
 Summon Small Mammal      Summ           0%         N/A       43%         1
 Call Imp                 Summ           0%         N/A       56%         2
 Ensorcelled Hibernation  Hex/Ice        0%         N/A       56%         2
 Call Canine Familiar     Summ           0%         N/A       80%         3
 Mephitic Cloud           Conj/Pois/Air  0%         N/A       80%         3
 Spider Form              Tmut/Pois      0%         N/A       80%         3
 Summon Guardian Golem    Hex/Summ       0%         N/A       80%         3
 Anguish                  Hex/Necr       0%         N/A       99%         4
 Orb of Destruction       Conj           0%         9d5       100%        7
 Spellforged Servitor     Conj/Summ      0%         N/A       100%        7


Dungeon Overview and Level Annotations

Branches:
Dungeon (11/15)            Temple (1/1) D:6            Lair (5/5) D:11
 Shoals (0/4) Lair:3        Snake (0/4) Lair:2        Slime (0/5) Lair:4
    Orc (0/2) D:10

Altars:
Ashenzari
Cheibriados
Dithmenos
Elyvilon
Fedhas
Gozag
Hepliaklqana
Kikubaaqudgha
Makhleb
Nemelex Xobeh
Okawaru
Qazlal
Ru
Sif Muna
Trog
Uskayaw
Vehumet
Wu Jian
Xom
Yredelemnul
Zin
The Shining One

Annotations:
D:10 1 transporter
Lair:5 Kirke


Innate Abilities, Weirdness & Mutations

You are a filthy swine.
You move quickly.
Your equipment is almost entirely melded.
You are incapable of wielding weapons or throwing items.
You cannot cast spells.
((You are very nimble when in or above water. (Stealth+, EV+, Speed+++)))
((Your lower body shifts to a powerful aquatic tail in water.))


Message History

Kirke casts a spell at you.
You feel as though you will be slow longer.
You hit Kirke.
Kirke is severely wounded.
Kirke casts a spell.
Kirke summons a lindwurm!
Kirke casts a spell at you.
Zin protects your body from unnatural transformation!
You feel a momentary urge to oink.
You hit Kirke.
Kirke is severely wounded.
The lindwurm breathes flames at you. The blast of flame misses you.
Kirke completely misses you.
You barely miss Kirke.
Kirke is severely wounded.
The lindwurm completely misses you. The lindwurm claws you!
The lindwurm completely misses you. Kirke hits you!
You hit Kirke.
Kirke is almost dead.
The lindwurm closely misses you. The lindwurm completely misses you. x2
Kirke gestures at you while chanting.
Zin protects your body from unnatural transformation!
You feel a momentary urge to oink.
You hit Kirke.
Kirke is almost dead.
The lindwurm barely misses you. The lindwurm claws you!
The lindwurm closely misses you. Kirke gestures at you while chanting.
You struggle to resist.
The lindwurm attacks as you move away! The lindwurm misses you.
The lindwurm completely misses you. The lindwurm misses you.
Kirke attacks as you move away! Kirke hits you!
Kirke casts a spell.
Kirke summons a lindwurm!
The lindwurm bites you!
* * * LOW HITPOINT WARNING * * *
The lindwurm misses you. The lindwurm barely misses you.
The lindwurm breathes flames at you. The blast of flame hits you!!
You die...

**,,,******
##...##,,,,,,,,,,,, **,÷÷***
###.P...#,,,,,,,,,,,,
***,,.####.......##,,,,,,,,,,,
**,P............##,†,,,,,,,,
###*....P...†.....##.,,,,,,,,
#.#####.....@k.......,,,,,,,,
##....####..k........,,,,,,,,
##......##.......P..,,,,,,,,
#.......##h........,,,,,,,,
#........#.........,,,,,,,,
##..................,,,,,,,,
#...................,,,,,,,,
#...................,,,,,,,,
##..................,),,,,,,
#P..................,,,,,,,,
#...................,,,,,,,,
##..................,,,,,,,,


You could see Kirke and 2 lindwurms.

Vanquished Creatures
  Gastronok (D:10)
  A dire elephant (Lair:5)
  4 hydras
  Harold (Lair:1)
  A boulder beetle (Lair:4)
  3 catoblepae
  A two-headed ogre (D:9)
  2 centaur warriors (D:10)
  2 tengu warriors
  A deep troll shaman (Lair:5)
  10 death yaks
  A spriggan (Lair:5)
  Amaemon (Lair:3)
  A skeletal warrior (D:10)
  A lindwurm (Lair:5)
  2 cyclopes (D:11)
  3 oklob plants (Lair:1)
  3 black mambas
  8 elephants
  An orange demon (Lair:3)
  Joseph (D:7)
  A guardian serpent (Lair:2)
  8 cane toads
  An unseen horror (D:11)
  A rime drake (Lair:3)
  A gargoyle (D:10)
  5 komodo dragons
  Maggie (D:7)
  A kobold demonologist (D:9)
  3 polar bears
  4 trolls
  2 hornets
  12 blink frogs
  4 slime creatures
  Prince Ribbit (Lair:2)
  A snapping turtle (Lair:3)
  3 shadows
  2 wraiths
  A steam dragon (D:7)
  2 wyverns
  3 hogs (Lair:5)
  40 yaks
  2 basilisks (Lair:2)
  2 acid dragons
  13 water moccasins
  Pargi (D:3)
  An ice beast (D:7)
  2 orc warriors
  3 sky beasts
  2 black bears
  5 centaurs
  An ogre (D:6)
  60 wolves
  A phantom (D:4)
  3 kobold brigands
  11 bullfrogs
  2 scorpions
  7 wights
  A necrophage (D:5)
  5 killer bees (D:10)
  2 howler monkeys
  An electric eel (Lair:3)
  2 jellies
  4 orc priests
  Crazy Yiuf (D:3)
  Ijyb (D:3)
  A gnoll bouda (D:6)
  8 orc wizards
  5 iguanas
  11 gnolls (D:6)
  7 adders
  3 shadow imps
  3 ufetubi
  A worm (D:2)
  7 dart slugs
  47 orcs
  9 endoplasms
  2 giant cockroaches
  13 goblins
  13 hobgoblins
  4 jackals (D:3)
  33 kobolds
  6 quokkas
  7 ball pythons
  9 bats
  6 frilled lizards
  3 rats
  2 bushes (D:2)
479 creatures vanquished.

Vanquished Creatures (collateral kills)
  A hornet (D:6)
  An orc (D:6)
  A goblin (D:6)
  2 hobgoblins (D:6)
  A kobold (D:6)
6 creatures vanquished.

Vanquished Creatures (others)
  31 fungi
  78 plants
109 creatures vanquished.

Grand Total: 594 creatures vanquished

Notes
Turn   | Place    | Note
-------+----------+-------------------------------------------
     0 | D:1      | devnull the Merfolk Gladiator began the quest for the Orb.
     0 | D:1      | Reached XP level 1. HP: 16/16 MP: 1/1
   242 | D:1      | Reached XP level 2. HP: 22/22 MP: 2/2
   325 | D:1      | Reached skill level 5 in Polearms
   397 | D:1      | Reached XP level 3. HP: 26/27 MP: 3/3
   876 | D:2      | Reached skill level 6 in Polearms
  1074 | D:2      | Reached XP level 4. HP: 33/33 MP: 4/4
  1260 | D:2      | Found a faded altar of an unknown god.
  1267 | D:2      | Got Plato's Directory of Evolution
  2438 | D:3      | Reached skill level 7 in Polearms
  2520 | D:3      | Found a runed translucent door.
  2521 | D:3      | Noticed Crazy Yiuf
  2611 | D:3      | Reached XP level 5. HP: 33/38 MP: 5/5
  2665 | D:3      | Noticed Pargi
  2820 | D:3      | Found a hide-covered altar of Uskayaw.
  3005 | D:3      | Noticed Ijyb
  3037 | D:3      | Killed Ijyb
  3613 | D:3      | Killed Pargi
  3614 | D:3      | Reached skill level 8 in Polearms
  3614 | D:3      | Reached XP level 6. HP: 24/44 MP: 6/6
  3782 | D:3      | Killed Crazy Yiuf
  3783 | D:3      | Reached skill level 9 in Polearms
  4052 | D:4      | Found a glowing golden altar of the Shining One.
  4181 | D:4      | Reached skill level 10 in Polearms
  4212 | D:4      | Reached XP level 7. HP: 50/50 MP: 7/7
  4623 | D:4      | Found an ancient bone altar of Kikubaaqudgha.
  4740 | D:5      | Entered Level 5 of the Dungeon
  4773 | D:5      | Reached skill level 5 in Dodging
  5449 | D:6      | You fall into a shaft and drop 3 floors!
  5478 | D:9      | Noticed a two-headed ogre
  5530 | D:9      | Noticed a shadow
  5566 | D:9      | Noticed a kobold demonologist
  5578 | D:9      | Noticed a ynoxinul
  5613 | D:8      | Reached XP level 8. HP: 31/57 MP: 8/8
  5733 | D:8      | Reached skill level 5 in Fighting
  5745 | D:8      | Reached skill level 1 in Stealth
  5963 | D:6      | Reached skill level 5 in Stealth
  6070 | D:6      | Found a staircase to the Ecumenical Temple.
  6233 | D:6      | Reached XP level 9. HP: 58/68 MP: 9/9
  6287 | D:6      | Noticed a hornet
  6303 | D:6      | Paralysed by a hornet for 3 turns
  6314 | D:6      | Paralysed by a hornet for 3 turns
  6319 | D:6      | Killed a hornet
  6324 | D:6      | Reached skill level 5 in Throwing
  6577 | D:6      | Found a stormy altar of Qazlal.
  7160 | Temple   | Entered the Ecumenical Temple
  7203 | Temple   | Became a worshipper of Zin the Law-Giver
  7203 | Temple   | Reached * piety under Zin
  7242 | D:7      | Noticed a hornet
  7264 | D:7      | Paralysed by a hornet for 3 turns
  7272 | D:6      | Paralysed by a hornet for 3 turns
  7285 | D:6      | Killed a hornet
  7379 | D:7      | Reached ** piety under Zin
  7481 | D:7      | Found a radiant altar of Vehumet.
  7710 | D:7      | Noticed Joseph
  7719 | D:7      | Killed Joseph
  7733 | D:7      | Reached skill level 10 in Stealth
  7733 | D:7      | Reached XP level 10. HP: 18/74 MP: 10/10
  7738 | D:7      | Noticed Maggie
  7751 | D:7      | Killed Maggie
  8285 | D:7      | Reached *** piety under Zin
  8374 | D:7      | Reached skill level 10 in Dodging
  9115 | D:9      | Noticed an orange demon
  9123 | D:9      | Killed a kobold demonologist
  9678 | D:9      | Reached skill level 11 in Polearms
  9816 | D:9      | Reached **** piety under Zin
  9925 | D:9      | Killed a two-headed ogre
  9926 | D:9      | Reached skill level 12 in Polearms
  9926 | D:9      | Reached XP level 11. HP: 72/86 MP: 11/11
 10008 | D:10     | Entered Level 10 of the Dungeon
 10085 | D:10     | Reached skill level 13 in Polearms
 10160 | D:10     | Noticed a skeletal warrior
 10160 | D:10     | Noticed a tengu warrior
 10281 | D:10     | Found a sacrificial altar of Ru.
 10343 | D:9      | Killed a tengu warrior
 10344 | D:9      | Reached skill level 14 in Polearms
 10523 | D:10     | Noticed a tengu warrior
 10524 | D:10     | Noticed Gastronok
 10685 | D:10     | Noticed a six-headed hydra
 10717 | D:10     | Killed a skeletal warrior
 10736 | D:10     | Noticed a centaur warrior
 10854 | D:10     | Killed a five-headed hydra
 10872 | D:10     | Killed a tengu warrior
 10873 | D:10     | Reached skill level 5 in Invocations
 11042 | D:10     | Killed Gastronok
 11077 | D:10     | Found a shadowy altar of Dithmenos.
 11125 | D:10     | Noticed a centaur warrior
 11147 | D:10     | Identified the +0 pair of gloves of Keisir {rN+}
 11186 | D:10     | Killed a centaur warrior
 11193 | D:10     | Killed a centaur warrior
 11194 | D:10     | Reached XP level 12. HP: 47/92 MP: 16/18
 11302 | D:10     | Found a sparkling altar of Nemelex Xobeh.
 11302 | D:10     | Found a transporter.
 11302 | D:10     | Noticed a boulder beetle
 11303 | D:10     | Noticed a fire dragon
 11390 | D:10     | Found a blossoming altar of Fedhas.
 11558 | D:10     | Found a staircase to the Orcish Mines.
 11571 | D:10     | Reached ***** piety under Zin
 11798 | D:11     | Noticed a death yak
 11922 | D:11     | Noticed a death yak
 11922 | D:11     | Noticed a death yak
 11922 | D:11     | Noticed a death yak
 11946 | D:11     | Killed a death yak
 11962 | D:11     | Killed a death yak
 11963 | D:11     | Reached skill level 10 in Invocations
 11976 | D:11     | Killed a death yak
 11977 | D:11     | Reached skill level 15 in Polearms
 11985 | D:11     | Killed a death yak
 12112 | D:11     | Found a staircase to the Lair.
 12130 | D:11     | Reached skill level 16 in Polearms
 12734 | Lair:1   | Entered Level 1 of the Lair of Beasts
 12769 | Lair:1   | Noticed a catoblepas
 12787 | Lair:1   | Killed a catoblepas
 13178 | Lair:1   | Noticed Harold
 13318 | Lair:1   | Reached skill level 17 in Polearms
 13498 | Lair:1   | Killed Harold
 13499 | Lair:1   | Reached XP level 13. HP: 73/98 MP: 21/21
 13669 | Lair:2   | Noticed Prince Ribbit
 13676 | Lair:2   | Killed Prince Ribbit
 13692 | Lair:2   | Reached skill level 18 in Polearms
 14057 | Lair:2   | Found a staircase to the Snake Pit.
 14721 | Lair:3   | Noticed Amaemon
 14731 | Lair:3   | Reached skill level 19 in Polearms
 14738 | Lair:3   | Killed Amaemon
 15057 | Lair:3   | Found a staircase to the Shoals.
 15206 | Lair:3   | Reached skill level 20 in Polearms
 15871 | Lair:4   | Reached ****** piety under Zin
 15981 | Lair:4   | Found a staircase to the Slime Pits.
 16283 | Lair:5   | Entered Level 5 of the Lair of Beasts
 16557 | Lair:5   | Reached XP level 14. HP: 38/105 MP: 22/22
 16927 | Lair:5   | Reached skill level 15 in Dodging
 17434 | Lair:5   | Found the +3 robe of Clouds {*Thunder rCloud rElec}
 17611 | Lair:5   | Noticed Kirke
 17614 | Lair:5   | Noticed a sphinx
 18287 | Lair:5   | Noticed a dire elephant
 18309 | Lair:5   | Reached skill level 10 in Fighting
 18323 | Lair:5   | Killed a dire elephant
 18596 | Lair:5   | Killed from afar by a lindwurm

Illustrated notes

Levels and vault maps discovered:
D:1:      eino_arrival_water_cross, layout_loops_cross
D:2:      layout_basic, shapermc_ecumenical_altar_rom_forum,
          lexackson_kobold_supper
D:3:      layout_loops_ring, nicolae_uskayaw_suspiria, st_stairs_6, uniq_pargi,
          uniq_crazy_yiuf_cottage, uniq_ijyb
D:4:      layout_loops_ring, nicolae_overflow_hidden_temple,
          amcnicky_altar_gilded, minmay_misc_feat_enclosed,
          nicolae_figureground_sparkle
D:5:      layout_rooms, grunt_ministairs_1
D:6:      corexii_shantytown, layout_basic, lemuel_crystal_altar,
          minmay_temple_entry_grid
D:7:      layout_cave_pools, mainiacjoe_overflow_surrounded_room,
          minmay_starry_boxes, uniq_joseph, uniq_maggie
D:8:      layout_cave_pools
D:9:      layout_loops_ring, hex_medium
D:10:     minmay_the_grid_four_pointed_star_mashed
          [minmay_the_grid_triangle_9x9_longest,
          minmay_the_grid_triangle_9x9_corruption,
          minmay_the_grid_triangle_9x9_wacky_v,
          minmay_the_grid_triangle_9x9_impossible_snake,
          minmay_the_grid_prize_inner_circle], layout_gridville,
          lemuel_crystal_altar, lemuel_round_altar, grunt_nemelex_the_gamble,
          mainiacjoe_overflow_six_doors_small, hiddenorc1_lemuel, uniq_gastronok
D:11:     layout_basic, dpeg_lair_monsters
Temple:   nicolae_temple_ecumenical_triangle
Lair:1:   dpeg_oklob_gauntlet, layout_cellular_growth,
          nicolae_quartered_pool_impasse, lemuel_fruit_tree, grunt_megastairs_1,
          infiniplex_staircase_pool_2, serial_bayou_shore_a, uniq_harold
Lair:2:   layout_concentric_octagons, minmay_snake_entry_spellcaster,
          cheibrodos_lair_caveside_slide, lemuel_fruit_fields,
          uniq_prince_ribbit2
Lair:3:   layout_hall_layers, minmay_shoals_entry_hut, grunt_megastairs_5,
          infiniplex_staircase_pool, uniq_amaemon
Lair:4:   layout_loops_ring, slime_entry_1, grunt_forest_small_clearings,
          grunt_megastairs_3
Lair:5:   grunt_lair_end_beastmaster, layout_regular_city,
          grunt_forest_large_clearings, uniq_kirke

Skill      XL: |  1  2  3  4  5  6  7  8  9 10 11 12 13 14 |
---------------+-------------------------------------------+-----
Polearms       | 5 6 7 8 10 12 14 17 20 | 20.0
Dodging        | 8 10 13 16 | 16.0
Fighting       | 5 8 10 | 10.3
Stealth        | 6 10 | 10.0
Throwing       | 3 5 |  5.0
Invocations    | 8 10 | 10.6

Action                   |  1- 3 |  4- 6 |  7- 9 | 10-12 | 13-15 || total
-------------------------+-------+-------+-------+-------+-------++-------
Melee: Trident           |    95 |   332 |   220 |       |       ||   647
       Punch             |       |     5 |     2 |       |       ||     7
       Spear             |       |       |   112 |    16 |       ||   128
       Halberd           |       |       |   146 |   496 |       ||   642
       Broad axe         |       |       |       |     1 |    18 ||    19
       Glaive            |       |       |       |    78 |   696 ||   774
       Tailslap          |       |       |       |       |     7 ||     7
       Unarmed           |       |       |       |       |    13 ||    13
Throw: Dart              |       |     9 |    49 |    65 |    67 ||   190
       Throwing net      |       |     5 |     3 |     2 |       ||    10
Invok: Recite            |       |       |       |     7 |     6 ||    13
       Vitalisation      |       |       |       |     4 |     4 ||     8
Evoke: Wand              |       |       |       |     5 |       ||     5
  Use: Scroll            |       |     3 |     7 |     5 |     3 ||    18
       Potion            |       |       |     3 |     1 |       ||     4
 Stab: Sleeping          |     4 |     4 |    13 |    13 |    12 ||    46
       Held in net/web   |       |     3 |     2 |     2 |       ||     7
       Distracted        |       |       |       |     5 |     7 ||    12
       Invisible         |       |       |       |     1 |       ||     1
       Confused          |       |       |       |       |     1 ||     1
Armor: Leather armour    |    17 |    24 |       |       |       ||    41
       Troll leather arm |       |     7 |   136 |   106 |   117 ||   366
Dodge: Dodged            |    44 |    94 |   494 |   403 |   733 ||  1768
